 Dungeon Sprint DCSS version 0.31-a0-175-g9f7f995f2b (webtiles) character file.

Game seed: 4943862033999256005

15586 rocky1 the Peltast (level 12, -3/102 HPs)
             Began as a Formicid Fighter on June 18, 2023.
             Was the Champion of Cheibriados.
             Slain by a sixfirhy (9 damage)
             ... summoned by an orc high priest
             ... in the Dungeon (Sprint IX: "|||||||||||||||||||||||||||||").
             The game lasted 00:07:58 (3335 turns).

rocky1 the Peltast (Formicid Fighter)               Turns: 3335, Time: 00:07:59

Health: -3/102     AC: 13    Str: 43    XL:     12   Next: 59%
Magic:  21/21      EV: 21    Int: 24    God:    Cheibriados [******]
Gold:   1266       SH: 11    Dex: 31    Spells: 11/11 levels left

rFire   . . .        m - +2 morningstar (protect)
rCold   . . .        c - +0 buckler
rNeg    . . .        o - +1 scale mail
rPois   .            (helmet unavailable)
rElec   .            h - +0 cloak
rCorr   .            n - +0 pair of gloves
SInv    +            (no boots)
Will    +....        (no amulet)
Stlth   +            p - +3 ring of dexterity
HPRegen 0.37/turn    q - +3 ring of strength
MPRegen 0.17/turn

%: no passive effects
@: very slow
A: permanent stasis, dig shafts and tunnels, antennae 3, four strong arms
a: Dig, Renounce Religion, Bend Time, Temporal Distortion, Slouch, Step From
Time


You were in the Dungeon.
You worshipped Cheibriados.
Cheibriados was exalted by your worship.
You visited 1 branch You collected 1266 gold pieces.

Inventory:

Hand Weapons
 l - a +1 heavy broad axe
 m - a +2 morningstar of protection (weapon)
Armour
 c - a +0 buckler (worn)
 h - a +0 cloak (worn)
 n - a +0 pair of gloves (worn)
 o - a +1 scale mail (worn)
Jewellery
 p - a +3 ring of dexterity (left hand)
 q - a +3 ring of strength (right hand)
Wands
 k - a wand of acid (5)
Scrolls
 e - 2 scrolls of fog
 f - 2 scrolls of enchant weapon
 j - 2 scrolls of amnesia
Potions
 b - 4 potions of heal wounds
 g - 4 potions of magic
 i - 3 potions of curing
Miscellaneous
 d - a condenser vane (inert)


   Skills:
 + Level 12.3 Fighting
 * Level 15.0 Maces & Flails
 + Level 12.3 Armour
 + Level 9.7 Dodging
 * Level 19.3 Shields
 + Level 12.0 Invocations
 * Level 10.9 Evocations


You had 11 spell levels left.
You didn't know any spells.
Your spell library was empty.

Dungeon Overview and Level Annotations

Branches:
Dungeon (1/1)

Altars:
Cheibriados
Dithmenos
Elyvilon
Fedhas
Gozag
Hepliaklqana
Kikubaaqudgha
Makhleb
Nemelex Xobeh
Okawaru
Qazlal
Ru
Sif Muna
Trog
Uskayaw
Vehumet
Wu Jian
Xom
Yredelemnul
Zin
The Shining One
Jiyva
Lugonu

Shops:
D [


Innate Abilities, Weirdness & Mutations

You cannot be hasted, slowed, berserked, paralysed or teleported.
You can dig through walls and to a lower floor.
You have a pair of large antennae on your head. (SInv)
Your four strong arms can wield two-handed weapons with a shield.


Message History

Items here: )) [[ †.
Aiming: Corrosive Bolt
Press: ? - help, Shift-Dir - straight line, f - sixfirhy
Aim: a sixfirhy (summoned, 46% to hit)
The bolt of acid hits the sixfirhy!!
The acid corrodes the sixfirhy!
The sixfirhy is heavily wounded.
The bolt of acid hits the red devil!
The red devil is heavily wounded.
The bolt of acid hits the orc high priest!!
The acid corrodes the orc high priest!
The orc high priest is heavily wounded.
The bolt of acid hits the red devil!!
The red devil is almost dead.
The bolt of acid hits the hellwing!
The hellwing is moderately wounded.
The red devil disappears in a puff of smoke!
You block the red devil's attack.
Unknown command.
Clouds condense from the air!
The condenser dries out!
The sixfirhy is engulfed in poison gas.
The sixfirhy is poisoned.
The sixfirhy is engulfed in poison gas.
The sixfirhy looks even sicker. x2
The sixfirhy looks as sick as possible!
The sixfirhy is engulfed in poison gas.
The sixfirhy looks as sick as possible! x2; The red devil misses you.
The orc high priest is engulfed in freezing vapours.
The orc high priest intones a terrible prayer.
The orc high priest mumbles some strange prayers to Beogh against you.
Beogh smites you!
* * * LOW HITPOINT WARNING * * *
Unknown command.
Unknown command.
You miss the sixfirhy.
The sixfirhy is heavily wounded.
The sixfirhy is engulfed in poison gas.
The sixfirhy looks as sick as possible!
The sixfirhy is engulfed in poison gas.
The sixfirhy looks as sick as possible!
The sixfirhy is engulfed in poison gas.
The sixfirhy looks as sick as possible!
The sixfirhy is engulfed in poison gas.
The sixfirhy looks as sick as possible! x2
The sixfirhy hits you!
* * * LOW HITPOINT WARNING * * *
The sixfirhy shocks you!
You die...

.....)?..[..)..'_________________
▓▓▓▓▓▓▓▓▓▓▓▓▓▓▓▓▓▓▓▓▓▓▓▓▓▓▓▓▓▓▓▓▓
.................................
▓▓▓▓▓▓▓▓▓▓▓▓▓▓▓▓▓▓▓▓▓▓▓▓▓▓▓▓▓▓▓▓▓
..'[)!).....††††.....÷..÷'.......
▓▓▓▓▓▓▓▓▓▓▓▓▓▓▓▓▓▓▓▓▓▓▓▓▓▓▓▓▓▓▓▓▓
.................................
▓▓▓▓▓▓▓▓▓▓▓▓▓▓▓▓▓▓▓▓▓▓▓▓▓▓▓▓▓▓▓▓▓


{{{{ { { .∩§4o43@.).).)..))))).). ▓▓▓▓▓▓▓▓▓▓▓▓▓▓▓▓▓▓▓▓▓▓▓▓ { {{{{{{{{{{{{{{ You
could see an orc high priest (corroded), a hellwing (summoned), a sixfirhy
(summoned, extremely poisoned, corroded) and a red devil (summoned).

Vanquished Creatures
  A hydra (D)
  A two-headed ogre (D)
  A boulder beetle (D)
  A tengu warrior (D)
  8 orc high priests (D)
  2 skysharks (D)
  3 lindwurms (D)
  3 orc knights (D)
  A black mamba (D)
  3 cane toads (D)
  A gargoyle (D)
  A torpor snail (D)
  2 kobold demonologists (D)
  2 komodo dragons (D)
  A vampire (D)
  5 yaks (D)
  A wyvern (D)
  A steam dragon (D)
  A water moccasin (D)
  9 orc warriors (D)
  A wolf (D)
  A centaur (D)
  2 bullfrogs (D)
  3 orc priests (D)
  A hound (D)
  3 orc wizards (D)
  2 adders (D)
  5 worms (D)
  A dart slug (D)
  10 orcs (D)
  An endoplasm (D)
  A hobgoblin (D)
  A ball python (D)
  A kobold (D)
81 creatures vanquished.

Notes
Turn   | Place    | Note
-------+----------+-------------------------------------------
     0 | D        | rocky1 the Formicid Fighter began the quest for the Orb.
     0 | D        | Reached XP level 1. HP: 18/18 MP: 1/1
    18 | D        | Reached XP level 2. HP: 16/24 MP: 2/2
   289 | D        | Reached skill level 1 in Dodging
   289 | D        | Reached skill level 6 in Shields
   289 | D        | Reached XP level 3. HP: 15/30 MP: 3/3
   296 | D        | Reached XP level 4. HP: 21/38 MP: 4/4
   337 | D        | Reached skill level 7 in Shields
   743 | D        | Found a snail-covered altar of Cheibriados.
   743 | D        | Found a shadowy altar of Dithmenos.
   743 | D        | Found a white marble altar of Elyvilon.
   743 | D        | Found a blossoming altar of Fedhas.
   743 | D        | Found an opulent altar of Gozag.
   744 | D        | Found a hazy altar of Hepliaklqana.
   745 | D        | Found a viscous altar of Jiyva.
   746 | D        | Found an ancient bone altar of Kikubaaqudgha.
   747 | D        | Found a corrupted altar of Lugonu.
   748 | D        | Found a burning altar of Makhleb.
   749 | D        | Found a sparkling altar of Nemelex Xobeh.
   750 | D        | Found an iron altar of Okawaru.
   751 | D        | Found a stormy altar of Qazlal.
   752 | D        | Found a sacrificial altar of Ru.
   759 | D        | Became a worshipper of Cheibriados the Contemplative
   766 | D        | Found a shimmering blue altar of Sif Muna.
   767 | D        | Found a bloodstained altar of Trog.
   768 | D        | Found a hide-covered altar of Uskayaw.
   769 | D        | Found a radiant altar of Vehumet.
   770 | D        | Found an ornate altar of the Wu Jian Council.
   771 | D        | Found a shimmering altar of Xom.
   772 | D        | Found a basalt altar of Yredelemnul.
   773 | D        | Found a glowing silver altar of Zin.
   774 | D        | Found a glowing golden altar of the Shining One.
   824 | D        | Noticed a yak
   824 | D        | Noticed a steam dragon
   824 | D        | Noticed a vampire
   824 | D        | Noticed a yak
   824 | D        | Noticed a centaur
   824 | D        | Noticed a two-headed ogre
   834 | D        | Killed a two-headed ogre
   835 | D        | Reached skill level 5 in Dodging
   835 | D        | Reached skill level 11 in Shields
   835 | D        | Reached skill level 5 in Invocations
   835 | D        | Reached XP level 5. HP: 16/48 MP: 4/9
   835 | D        | Reached XP level 6. HP: 18/55 MP: 4/10
   835 | D        | Reached XP level 7. HP: 19/60 MP: 4/11
   836 | D        | Reached * piety under Cheibriados
   837 | D        | Reached XP level 8. HP: 53/67 MP: 4/12
   838 | D        | Killed a yak
   839 | D        | Reached skill level 12 in Shields
   839 | D        | Killed a vampire
   839 | D        | Killed a yak
   839 | D        | Reached ** piety under Cheibriados
  1148 | D        | Noticed a tengu warrior
  1148 | D        | Noticed a gargoyle
  1148 | D        | Noticed a boulder beetle
  1148 | D        | Noticed a kobold demonologist
  1148 | D        | Noticed a kobold demonologist
  1149 | D        | Noticed a smoke demon
  1150 | D        | Killed a kobold demonologist
  1151 | D        | Reached skill level 10 in Maces & Flails
  1151 | D        | Reached skill level 13 in Shields
  1151 | D        | Reached XP level 9. HP: 75/75 MP: 14/14
  1152 | D        | Noticed a rust devil
  1182 | D        | Killed a boulder beetle
  1182 | D        | Reached *** piety under Cheibriados
  1183 | D        | Reached skill level 14 in Shields
  1195 | D        | Killed a tengu warrior
  1196 | D        | Killed a kobold demonologist
  1196 | D        | Reached **** piety under Cheibriados
  1197 | D        | Reached XP level 10. HP: 22/83 MP: 14/16
  1206 | D        | Killed a gargoyle
  1207 | D        | Reached skill level 15 in Shields
  1210 | D        | Reached ***** piety under Cheibriados
  1798 | D        | Noticed a cane toad
  1798 | D        | Noticed a skyshark
  1802 | D        | Reached skill level 1 in Evocations
  1803 | D        | Noticed a cane toad
  1827 | D        | Killed a skyshark
  1828 | D        | Reached skill level 10 in Fighting
  1828 | D        | Reached skill level 10 in Armour
  1829 | D        | Reached ****** piety under Cheibriados
  1832 | D        | Killed a cane toad
  1834 | D        | Killed a cane toad
  1835 | D        | Reached skill level 16 in Shields
  1959 | D        | Noticed a komodo dragon
  1959 | D        | Noticed a cane toad
  1959 | D        | Noticed a komodo dragon
  1959 | D        | Noticed a skyshark
  1959 | D        | Noticed a black mamba
  1959 | D        | Noticed a four-headed hydra
  1962 | D        | Killed a black mamba
  1963 | D        | Reached skill level 5 in Evocations
  1963 | D        | Killed a four-headed hydra
  1963 | D        | Killed a cane toad
  1964 | D        | Reached XP level 11. HP: 78/92 MP: 7/18
  1964 | D        | Killed a skyshark
  1965 | D        | Reached skill level 10 in Invocations
  1970 | D        | Reached skill level 17 in Shields
  2191 | D        | Noticed a lindwurm
  2191 | D        | Noticed a lindwurm
  2198 | D        | Killed a lindwurm
  2204 | D        | Killed a lindwurm
  2210 | D        | Noticed a lindwurm
  2220 | D        | Killed a lindwurm
  2877 | D        | Noticed an orc knight
  2877 | D        | Noticed an orc knight
  2884 | D        | Killed an orc knight
  2885 | D        | Killed an orc knight
  2886 | D        | Reached skill level 18 in Shields
  2916 | D        | Noticed an orc high priest
  2922 | D        | Noticed a sun demon
  2932 | D        | Killed an orc high priest
  2933 | D        | Reached XP level 12. HP: 89/100 MP: 20/20
  3246 | D        | Found Ajadas's Antique Armour Boutique.
  3246 | D        | Noticed an orc high priest
  3246 | D        | Noticed an orc high priest
  3246 | D        | Noticed an orc high priest
  3246 | D        | Noticed an orc high priest
  3246 | D        | Noticed an orc high priest
  3250 | D        | Killed an orc high priest
  3251 | D        | Killed an orc high priest
  3251 | D        | Killed an orc high priest
  3252 | D        | Reached skill level 10 in Evocations
  3253 | D        | Noticed a sixfirhy
  3254 | D        | Killed an orc high priest
  3254 | D        | Noticed an orc high priest
  3257 | D        | Killed an orc high priest
  3261 | D        | Noticed a soul eater
  3261 | D        | Killed an orc high priest
  3262 | D        | Reached skill level 19 in Shields
  3272 | D        | Noticed an orc high priest
  3275 | D        | Noticed a sun demon
  3284 | D        | Killed an orc high priest
  3285 | D        | Reached skill level 15 in Maces & Flails
  3329 | D        | Noticed an orc high priest
  3331 | D        | Noticed a sixfirhy
  3335 | D        | Slain by a sixfirhy

Illustrated notes

Levels and vault maps discovered:
D:        linesprint [early_d, line_temple, items_1, d_10, items_2, lair_1,
          lair_end, items_3, orc_1, orc_end, items_4, d_15, swamp_1, shoals_1,
          snake_1, spider_1, d_20, vaults_1, items_5, swamp_end, shoals_end,
          snake_end, spider_end, vaults_end, d_27, items_6, zot_1, zot_end,
          crypt_end, forest_end, elf_end, slime_end, tomb_end, abyss_end,
          pan_hell_end]

Skill      XL: |  1  2  3  4  5  6  7  8  9 10 11 12 |
---------------+-------------------------------------+-----
Fighting       | 4 7 8 9 10 11 12 | 12.3
Maces & Flails | 3 4 8 10 11 12 14 15 | 15.0
Armour         | 4 7 8 9 10 11 12 | 12.3
Dodging        | 1 2 5 6 7 8 9 |  9.7
Shields        | 6 11 13 14 16 18 19 | 19.3
Invocations    | 5 7 8 9 11 12 | 12.0
Evocations     | 6 9 10 | 10.9

Action                     |  1- 3 |  4- 6 |  7- 9 | 10-12 || total
---------------------------+-------+-------+-------+-------++-------
  Melee: Flail             |    31 |    40 |       |       ||    71
         Morningstar       |       |     7 |    49 |   161 ||   217
 Invoke: Slouch            |       |       |       |     2 ||     2
  Evoke: Wand              |       |     2 |     2 |     1 ||     5
         Condenser vane    |       |       |       |     5 ||     5
    Use: Potion            |       |     2 |     6 |       ||     8
   Stab: Invisible         |       |       |     5 |     4 ||     9
 Armour: Scale mail        |    12 |    21 |    26 |    27 ||    86
  Dodge: Dodged            |    13 |    31 |    31 |    88 ||   163
  Block: Buckler           |     6 |    13 |    22 |    65 ||   106

Table legend: (Time is in decaauts)
 A = Elapsed time spent in this place.
 B = Non-inter-level travel time spent in this place.
 C = Inter-level travel time spent in this place.
 D = Time resting spent in this place.
 E = Time spent auto-exploring this place.
 F = Levels seen in this place.
 G = Mean time per level.
                   A        B        C        D        E       F      G
               +--------+--------+--------+--------+--------+-----+--------+
         Total |   3684 |   3684 |      0 |   2472 |      0 |   1 | 3684.0 |
       Dungeon |   3684 |   3684 |      0 |   2472 |      0 |   1 | 3684.0 |
               +--------+--------+--------+--------+--------+-----+--------+

Top non-repeatable levels by time:
       D: 3684 daAuts
